 Dungeon Crawl Stone Soup version 0.30.0-19-g36f170ea60 (webtiles) character file.

Game seed: 9952124795316736211

60 Bnni the Digger (level 4, 0/32 HPs)
             Began as a Formicid Earth Elementalist on June 1, 2023.
             Slain by Crazy Yiuf
             ... wielding a +3 quarterstaff of chaos
              (3 damage)
             ... on level 2 of the Dungeon.
             The game lasted 00:02:12 (1359 turns).

Bnni the Digger (Formicid Earth Elementalist)       Turns: 1359, Time: 00:02:13

Health: 0/32       AC:  3    Str: 12    XL:     4   Next: 25%
Magic:  0/8        EV: 12    Int: 17    God:
Gold:   130        SH:  0    Dex: 20    Spells: 2/8 levels left

rFire   . . .        e - +2 short sword (venom)
rCold   . . .        (no shield)
rNeg    . . .        j - +0 leather armour
rPois   .            (helmet unavailable)
rElec   .            (no cloak)
rCorr   .            (no gloves)
SInv    +            (no boots)
Will    .....        f - amulet of guardian spirit
Stlth   ++           a - +6 ring of dexterity
HPRegen 0.25/turn    (no ring)
MPRegen 0.11/turn

%: guardian spirit
@: no status effects
A: permanent stasis, dig shafts and tunnels, antennae 3, four strong arms
a: Dig, Shaft Self


You were on level 2 of the Dungeon.
You visited 1 branch of the dungeon, and saw 2 of its levels.

You collected 130 gold pieces.

Inventory:

Hand Weapons
 e - a +2 short sword of venom (weapon)
Armour
 j - a +0 leather armour (worn)
Jewellery
 a - a +6 ring of dexterity (left hand)
 f - an amulet of guardian spirit (around neck)
 m - a ring of flight
Scrolls
 c - 2 scrolls of identify {unknown}
 k - 2 scrolls of vulnerability {unknown}
 l - a scroll of enchant armour {unknown}
Potions
 b - a potion of magic
 d - 3 potions of curing {unknown}
 g - a potion of attraction {unknown}
 h - a potion of might {unknown}
 i - a potion of invisibility {unknown}


   Skills:
 + Level 1.5 Fighting
 - Level 1.7 Dodging
 - Level 2.4 Stealth
 + Level 2.6 Spellcasting
 + Level 2.0 Transmutations
 * Level 4.6 Earth Magic


You had 2 spell levels left.
You knew the following spells:

 Your Spells              Type           Power      Damage    Failure   Level
a - Sandblast             Erth           36%        2d10      3%          1
b - Passwall              Tmut/Erth      10%        N/A       9%          2
c - Stone Arrow           Conj/Erth      20%        3d8       26%         3

Your spell library contained the following spells:

 Spells                   Type           Power      Damage    Failure   Level
 Petrify                  Tmut/Erth      13%        N/A       50%         4


Dungeon Overview and Level Annotations

Branches:
Dungeon (2/15)

Altars:

Shops:
D:1 *   D:2 =

Annotations:
D:2 Crazy Yiuf


Innate Abilities, Weirdness & Mutations

You cannot be hasted, slowed, berserked, paralysed or teleported.
You can dig through walls and to a lower floor.
You have a pair of large antennae on your head. (SInv)
Your four strong arms can wield two-handed weapons with a shield.


Message History

No target in view!
m - a ring of flight You see here a +0 hammer.
You see here a scarf of harm.
There is a stone staircase leading down here.
You see here a +0 dagger.
Found a hammer.
Found a runed translucent door.
Crazy Yiuf shouts!
You see here a +0 hammer.
Found a hammer.
You open the door.
Crazy Yiuf drinks a potion.
Crazy Yiuf goes berserk!
Okay, then.
Aiming: Sandblast (safe; 3% risk of failure)
Press: ? - help, Q - select action, (/) - cycle Shift-Dir - straight line, f - Crazy Yiuf
Aim: Crazy Yiuf, wielding a +3 quarterstaff of chaos and wearing a +2 cloak of poison resistance (berserk, 84% to hit)
The blast of sand hits Crazy Yiuf.
Crazy Yiuf is lightly wounded.
Crazy Yiuf hits you with a +3 quarterstaff of chaos!
Crazy Yiuf freezes you.
Aiming: Sandblast (safe; 3% risk of failure)
Press: ? - help, Q - select action, (/) - cycle Shift-Dir - straight line, f/p - Crazy Yiuf
Aim: Crazy Yiuf, wielding a +3 quarterstaff of chaos and wearing a +2 cloak of poison resistance (lightly wounded, berserk, 84% to hit)
The blast of sand hits Crazy Yiuf!
Crazy Yiuf is severely wounded.
Crazy Yiuf closely misses you.
Crazy Yiuf hits you with a +3 quarterstaff of chaos!
You feel your power leaking away. Crazy Yiuf barely misses you.
You don't have enough magic to cast this spell.
Unknown command.
Unknown command.
You don't have enough magic to cast this spell.
Unknown command.
Unknown command.
You hit Crazy Yiuf but do no damage.
Crazy Yiuf is poisoned.
Crazy Yiuf is severely wounded.
Crazy Yiuf hits you with a +3 quarterstaff of chaos!
* * * LOW HITPOINT WARNING * * *
Crazy Yiuf burns you.
You die...

#.# ###)...######
#.# #....# #.# ###
♣....♣ #.##### #.#
♣...♣♣ #.....###.#
♣♣)♣♣ #.###.##..#
♣.♣♣ #...#.##..#
♣♣.♣ #.#.#.#...#
♣)♣♣ #.#.#.#..##
♣♣@♣ #.....#...#
#g# ###.###.###
... #.# #.# #)..#
#.# #.# #..)#
####### #.# #.#
##### #......
#.###.### #.####.
#.......#######
#......
####.###.........#
#.##...


You could see Crazy Yiuf (berserk, very poisoned).

Vanquished Creatures
  2 adders (D:2)
  2 worms (D:2)
  An orc (D:2)
  4 bats
  2 endoplasms (D:2)
  2 giant cockroaches (D:1)
  4 goblins
  3 hobgoblins (D:1)
  3 quokkas (D:2)
  2 ball pythons (D:1)
  3 frilled lizards
  4 kobolds
  2 rats
34 creatures vanquished.

Notes
Turn   | Place    | Note
-------+----------+-------------------------------------------
     0 | D:1      | Bnni the Formicid Earth Elementalist began the quest for
                  | the Orb.
     0 | D:1      | Reached XP level 1. HP: 13/13 MP: 3/3
   169 | D:1      | Reached XP level 2. HP: 20/20 MP: 5/5
   204 | D:1      | Found a faded altar of an unknown god.
   248 | D:1      | Reached skill level 4 in Earth Magic
   257 | D:1      | Found Becheymeco's General Store.
   695 | D:1      | Reached XP level 3. HP: 25/25 MP: 6/6
   752 | D:2      | Found Tobarreo's Jewellery Shoppe.
   779 | D:2      | Reached skill level 1 in Fighting
  1018 | D:2      | Reached XP level 4. HP: 18/32 MP: 2/7
  1021 | D:2      | Learned a level 2 spell: Passwall
  1025 | D:2      | Learned a level 3 spell: Stone Arrow
  1352 | D:2      | Found a runed translucent door.
  1353 | D:2      | Noticed Crazy Yiuf
  1359 | D:2      | Slain by Crazy Yiuf

Illustrated notes

Levels and vault maps discovered:
D:1:      dpeg_arrival_rhombi, layout_basic, basic_ecumenical_altar,
          serial_shops, shop, minmay_distorted
D:2:      layout_loops_cross, serial_shops, shop, feat_on_display,
          uniq_crazy_yiuf_cottage

Skill      XL: |  1  2  3 |
---------------+----------+-----
Earth Magic    | 4 |  4.6
Fighting       | 1 |  1.5
Transmutations | 2 |  2.0
Dodging        | |  1.7
Stealth        | |  2.4
Spellcasting   | |  2.6

Action                     |  1- 3 |  4- 6 || total
---------------------------+-------+-------++-------
  Melee: Short sword       |    69 |    15 ||    84
         Punch             |     1 |       ||     1
   Cast: Sandblast         |     2 |     5 ||     7
   Stab: Sleeping          |     3 |       ||     3
 Armour: Robe              |     8 |       ||     8
         Leather armour    |     5 |     4 ||     9
  Dodge: Dodged            |    39 |    11 ||    50
